 Dungeon Crawl Stone Soup version 0.31.0-32-g396128a36d (webtiles) character file.

Game seed: 2711130389748828247

722 monsoonserge the Changeling (level 7, -1/46 HPs)
             Began as an Octopode Shapeshifter on Apr 15, 2024.
             Was an Initiate of Gozag.
             Slain by Prince Ribbit (2 damage)
             ... on level 5 of the Dungeon.
             The game lasted 00:13:04 (4350 turns).

monsoonserge the Changeling (Octopode Shapeshifter) Turns: 4350, Time: 00:13:04

Health: -1/46      AC:  8    Str: 15    XL:     7   Next: 71%
Magic:  7/7        EV: 13    Int: 12    God:    Gozag
Gold:   303        SH:  0    Dex: 12    Spells: 6/6 levels left

rFire   + . .        l - +1 hand axe "Ifufir" {protect, ^Fragile rF+ rN++}
rCold   . . .        (no shield)
rNeg    + + .        (helmet currently unavailable)
rPois   .            (no amulet)
rElec   .            (no ring)
rCorr   .            (no ring)
SInv    .            (no ring)
Will    .....        (no ring)
Stlth   +++          (no ring)
HPRegen 0.27/turn    (no ring)
MPRegen 0.10/turn    (no ring)
                     (no ring)

%: no passive effects
@: beast-form, gold aura, under a protective aura
A: beast (slay +3), almost no armour, amphibious, 8 rings, camouflage 1,
gelatinous body 1, (nimble swimmer 1), tentacles
a: Begin Untransformation, Renounce Religion, Potion Petition, Call Merchant,
Bribe Branch


You were on level 5 of the Dungeon.
You worshipped Gozag.
Gozag was aware of your devotion.
You were a hulking beast.
You visited 2 branches of the dungeon, and saw 6 of its levels.

You collected 387 gold pieces.
You paid 84 gold pieces to Gozag.

Inventory:

Hand Weapons
 l - the +1 hand axe "Ifufir" (weapon) {protect, ^Fragile rF+ rN++}
   (You found it on level 2 of the Dungeon)

   rF+:       It protects you from fire.
   rN++:      It greatly protects you from negative energy.
   ^Fragile:  It will be destroyed if unequipped.
Missiles
 n - 8 javelins
 p - 4 boomerangs (quivered)
Jewellery
 i - a ring of ice
Talismans
 b - a beast talisman
 c - a flux talisman
 s - a maw talisman
Scrolls
 d - a scroll of enchant weapon {unknown}
 g - 4 scrolls of teleportation
 h - a scroll of fog {unknown}
 j - a scroll of immolation {unknown}
 m - a scroll of blinking {unknown}
 o - a scroll of noise {unknown}
 q - a scroll of revelation {unknown}
 u - a scroll of summoning {unknown}
Potions
 a - 2 potions of lignification
 e - 4 potions of curing {unknown}
 f - a potion of degeneration {unknown}
 k - a potion of mutation {unknown}
 t - a potion of attraction {unknown}


   Skills:
 - Level 3.0 Fighting
 - Level 2.0 Axes
 - Level 3.0 Dodging
 - Level 3.0 Stealth
 + Level 4.3 Unarmed Combat
 * Level 6.0 Shapeshifting


You had 6 spell levels left.
You didn't know any spells.
Your spell library contained the following spells:

 Spells                   Type           Power      Damage    Failure   Level
 Call Imp                 Summ           0%         N/A       45%         2
 Sublimation of Blood     Necr           0%         N/A       45%         2
 Summon Hydra             Summ           0%         N/A       100%        7


Dungeon Overview and Level Annotations

Branches:
Dungeon (5/15)             Temple (1/1) D:4

Altars:
Ashenzari
Cheibriados
Elyvilon
Gozag
Hepliaklqana
Kikubaaqudgha
Makhleb
Nemelex Xobeh
Okawaru
Qazlal
Ru
Sif Muna
Trog
Uskayaw
Vehumet
Wu Jian
Xom
Yredelemnul
The Shining One

Shops:
D:2 :   D:3 =   D:5 (

Annotations:
D:5 Edmund, Prince Ribbit


Innate Abilities, Weirdness & Mutations

You are a hulking beast.
Your limbs bulge with bestial killing power. (Slay +3)
You cannot wear most types of armour.
You are amphibious.
You can wear up to eight rings at the same time.
Your skin changes colour to match your surroundings (Stealth+).
Your rubbery body absorbs attacks. (AC +1, EV +1)
((You are camouflaged when in or above water. (Stealth+)))
You have tentacles for arms and can constrict up to eight enemies at once.


Message History

Unknown command.
You barely miss the adder. Your grab misses the adder.
You closely miss Prince Ribbit. You hit the orc.
Your weapon exudes an aura of protection.
The adder barely misses you. The orc completely misses you.
Prince Ribbit closely misses you. The adder barely misses you.
The orc hits you with a +0 club.
Unknown command.
You barely miss the adder. You grab the adder. You hit Prince Ribbit.
You barely miss the orc. You constrict the adder. Prince Ribbit hits you!
The adder closely misses you.
Prince Ribbit blinks!
The orc hits you but does no damage.
Unknown command.
You barely miss the orc. Your grab misses the orc. You squeeze the orc.
You kill the orc!
You hit the adder. You constrict the adder.
You kill the adder!
Prince Ribbit is distracted by your dazzling golden aura.
Unknown command.
Unknown command.
Unknown command.
Throw: 4 boomerangs
Press: ? - help, Q - select action, (/) - cycle Shift-Dir - straight line, f/p - Prince Ribbit
Aim: Prince Ribbit (heavily wounded, unaware, poisoned, hasn't noticed you, 39% to hit)
You throw a boomerang.
Prince Ribbit gives a loud, deep croak!
The boomerang hits Prince Ribbit but does no damage.
Prince Ribbit is no longer distracted by gold.
Prince Ribbit is heavily wounded.
Prince Ribbit hits you!
* * * LOW HITPOINT WARNING * * *
You hit Prince Ribbit. Your grab misses Prince Ribbit.
Prince Ribbit is severely wounded.
Prince Ribbit barely misses you.
Prince Ribbit hits you but does no damage.
You miss Prince Ribbit. Your grab misses Prince Ribbit.
Prince Ribbit is severely wounded.
Prince Ribbit hits you.
You die...
Your body crumbles into a pile of gold.

.............
........./..#
..........$..#
S...>.........#
..............#
....#........#
#............#
#...........$## .#
#..#.......$h$#..##
#.#.##......F....#
##.................(
#...##.####...!#....
###...#..#
#.(.####..
###.....#..####.(.#
.
........##...####..
...#..##.#..## ..
...#####.....# ...


You could see Prince Ribbit (poisoned).

Vanquished Creatures
  Sigmund (D:4)
  A scorpion (D:4)
  A howler monkey (D:5)
  A jelly (D:5)
  An orc priest (D:4)
  2 hounds (D:4)
  A sleepcap (D:4)
  Jessica (D:2)
  2 iguanas (D:5)
  3 orc wizards
  6 adders
  A dart slug (D:2)
  2 ribbon worms (D:4)
  14 orcs
  7 ball pythons
  7 endoplasms
  6 giant cockroaches
  6 goblins
  10 hobgoblins
  3 jackals (D:2)
  A quokka (D:4)
  4 bats
  2 frilled lizards
  10 kobolds
  3 rats
96 creatures vanquished.

Notes
Turn   | Place    | Note
-------+----------+-------------------------------------------
     0 | D:1      | monsoonserge the Octopode Shapeshifter began the quest for
                  | the Orb.
     0 | D:1      | Reached XP level 1. HP: 13/13 MP: 1/1
   111 | D:1      | Reached skill level 1 in Stealth
   136 | D:1      | Reached XP level 2. HP: 18/18 MP: 2/2
   708 | D:2      | Reached XP level 3. HP: 17/24 MP: 3/3
   814 | D:2      | Found Faxoos's Book Shoppe.
   815 | D:2      | Identified the +1 hand axe "Ifufir" {protect, ^Fragile rF+
                  | rN++}
   888 | D:2      | Reached XP level 4. HP: 18/29 MP: 4/4
  1182 | D:2      | Noticed Jessica
  1185 | D:2      | Killed Jessica
  1418 | D:3      | Found Seagrebi's One-of-a-Kind Rings.
  1458 | D:3      | Found a faded altar of an unknown god.
  1900 | D:3      | Found an iron altar of Okawaru.
  1996 | D:3      | Found a hazy altar of Hepliaklqana.
  2050 | D:3      | Found a glowing golden altar of the Shining One.
  2050 | D:3      | Found a white marble altar of Elyvilon.
  2075 | D:3      | Became a worshipper of Elyvilon the Healer
  2164 | D:3      | Reached skill level 1 in Axes
  2164 | D:3      | Reached XP level 5. HP: 35/35 MP: 5/5
  2477 | D:4      | Found a sparkling altar of Nemelex Xobeh.
  2477 | D:4      | Found an opulent altar of Gozag.
  2525 | D:4      | Noticed Sigmund
  2635 | D:4      | Reached skill level 4 in Shapeshifting
  2635 | D:4      | Reached XP level 6. HP: 27/42 MP: 6/6
  3008 | D:4      | Fell from the grace of Elyvilon
  3008 | D:4      | Became a worshipper of Gozag Ym Sagoz the Greedy
  3253 | D:4      | Found an ancient bone altar of Kikubaaqudgha.
  3633 | D:4      | Found a staircase to the Ecumenical Temple.
  3643 | Temple   | Entered the Ecumenical Temple
  3718 | D:4      | Killed Sigmund
  3719 | D:4      | Reached skill level 5 in Shapeshifting
  3719 | D:4      | Reached XP level 7. HP: 20/46 MP: 7/7
  4033 | D:5      | Entered Level 5 of the Dungeon
  4034 | D:5      | Noticed Edmund
  4198 | D:5      | Found an ornate altar of the Wu Jian Council.
  4321 | D:5      | Found Vorezy's Weapon Emporium.
  4329 | D:5      | Noticed Prince Ribbit
  4339 | D:5      | Reached skill level 6 in Shapeshifting
  4348 | D:5      | HP: 1/46 [Prince Ribbit (16)]
  4350 | D:5      | Slain by Prince Ribbit

Illustrated notes

Levels and vault maps discovered:
D:1:      psy_arrival_basics, layout_loops_ring
D:2:      layout_rooms, serial_shops, shop, uniq_jessica
D:3:      layout_basic, mainiacjoe_overflow_cross_hatched,
          worldfamousw_hep_ancestral_shrine, amethyst_overflow_temple_binary,
          ebering_ecumenical_altar_rust, nicolae_shop_unique_rings,
          kennysheep_generic_room_3
D:4:      layout_layer_cave, grunt_temple_overflow_opulence,
          kiku_gazebo_pond_becter, minmay_temple_entry_nine_rooms,
          wad_floor_pattern_1, minmay_distorted, uniq_sigmund
D:5:      layout_cave_pools, mainiacjoe_overflow_tiny_flanked, serial_shops,
          shop, item_on_display_a, uniq_edmund, uniq_prince_ribbit1
Temple:   nicolae_temple_ecumenical_triangle

Skill      XL: |  1  2  3  4  5  6  7 |
---------------+----------------------+-----
Stealth        | 1 2 3 |  3.0
Fighting       | 2 3 |  3.0
Axes           | 1 2 |  2.0
Dodging        | 3 |  3.0
Shapeshifting  | 4 5 6 |  6.0
Unarmed Combat | 4 |  4.3

Action                     |  1- 3 |  4- 6 |  7- 9 || total
---------------------------+-------+-------+-------++-------
  Melee: Unarmed           |    60 |       |       ||    60
         Constrict         |    14 |    27 |     7 ||    48
         Tentacles         |    11 |    29 |     6 ||    46
         Hand axe          |    10 |    91 |    28 ||   129
         Punch             |     1 |     1 |     1 ||     3
  Throw: Dart              |       |     2 |     5 ||     7
         Boomerang         |       |       |     1 ||     1
    Use: Scroll            |       |       |     1 ||     1
   Stab: Sleeping          |     4 |     7 |     2 ||    13
         Distracted        |     1 |       |     1 ||     2
 Armour: Skin              |    24 |    44 |    20 ||    88
  Dodge: Dodged            |    46 |    40 |    16 ||   102
